 Dungeon Crawl Stone Soup version 0.29-a0-359-g541a27f54d (webtiles) character file.

Game seed: 9087275805221364312

30 Essalna the Conjurer (level 3, 20/24 HPs)
             Began as a Demonspawn Conjurer on Apr 28, 2022.
             Got out of the dungeon alive.
             The game lasted 00:01:47 (773 turns).

Essalna the Conjurer (Demonspawn Conjurer)           Turns: 773, Time: 00:01:48

Health: 20/24      AC:  2    Str:  7    XL:     3   Next: 3%
Magic:  4/7        EV: 11    Int: 21    God:
Gold:   35         SH:  3    Dex: 11    Spells: 4/7 levels left

rFire   . . .      SeeInvis .   (no weapon)
rCold   . . .      Faith    .   c - +0 buckler
rNeg    . . .      Spirit   .   a - +0 robe
rPois   .          Reflect  .   (no helmet)
rElec   .          Harm     .   (no cloak)
rCorr   .          Rampage  .   (no gloves)
Will    .....                   (no boots)
Stlth   ++........              (no amulet)
HPRegen 0.08/turn               (no ring)
MPRegen 0.10/turn               (no ring)

@: no status effects
A: hooves 1, ignite blood 1
a: no special abilities


You escaped.
You visited 1 branch of the dungeon, and saw 2 of its levels.

You collected 35 gold pieces.

Inventory:

Armour
 a - a +0 robe (worn)
 c - a +0 buckler (worn)
Potions
 b - a potion of magic
 d - a potion of lignification {unknown}
 e - a potion of invisibility {unknown}
 f - a potion of curing {unknown}


   Skills:
 - Level 1.7 Dodging
 - Level 1.7 Stealth
 + Level 2.7 Spellcasting
 + Level 4.5 Conjurations


You had 4 spell levels left.
You knew the following spells:

 Your Spells              Type           Power      Damage    Failure   Level
a - Magic Dart            Conj           84%        1d7       3%          1
b - Searing Ray           Conj           42%        2d6       4%          2

Your spell library contained the following spells:

 Spells                   Type           Power      Damage    Failure   Level
 Dazzling Flash           Conj/Hex       24%        N/A       22%         3
 Fulminant Prism          Conj/Hex       6%         3d7       58%         4
 Iskenderun's Mystic Bla  Conj/Tloc      12%        2d5       58%         4


Dungeon Overview and Level Annotations

Branches:
Dungeon (2/15)

Altars:


Innate Abilities, Weirdness & Mutations

You have large cloven feet.
Your demonic aura sometimes causes spilled blood to erupt in flames.


Message History

You open the door.
There is an open door here.
Done exploring.
Done exploring.
Done exploring.
Done exploring.
There is a stone staircase leading down here.
You climb downwards.
Found a stone staircase leading up.
There is a stone staircase leading up here.
There is a stone staircase leading up here.
There is a stone staircase leading up here.
Found a short sword.
An adder comes into view.
The magic dart hits the adder.
The adder is moderately wounded.
The adder hisses angrily.
The magic dart hits the adder.
The adder is severely wounded.
A dart slug comes into view.
The magic dart hits the adder.
You kill the adder!
The dart slug launches a dart at you. The slug dart hits you.
You have reached level 3!
Your experience leads to an increase in your attributes!
Increase (S)trength, (I)ntelligence, or (D)exterity?
You feel clever. x2
You feel monstrous as your demonic heritage exerts itself.
Your demonic ancestry asserts itself...
Your feet thicken and deform.
There is a stone staircase leading up here.
You climb upwards.
There is a stone staircase leading down here.
There is a staircase leading out of the dungeon here.
Are you sure you want to leave the Dungeon?
This will make you lose the game!
Alright, then stay!
Unknown command.
Are you sure you want to leave the Dungeon?
This will make you lose the game!
You have escaped!

##.#.##..♣♣P>P♣♣..#....#
#####..#.###..♣♣.♣♣..##....#
.........# ♣.........♣#....#
#####.##.##♣.♣.≈≈≈.♣.♣#...##
#..#...#♣..≈≈8≈≈..♣#..##
##.##..##♣.♣.≈≈≈.♣.♣####
###..#....#♣.........♣
..........##..♣♣.♣♣..##
....##....#..♣♣P@P♣♣..#
...###....##..#####..####
..........'...≈≈≈≈≈...'.#
######....#############.#
#..............## #.##..#
..######........# #....##
#######..##..#..###.####
#.........#...#.....##
..####....#..........##


There were no monsters in sight!

Vanquished Creatures
  An adder (D:2)
  A dart slug (D:1)
  3 endoplasms (D:1)
  A giant cockroach (D:1)
  2 quokkas (D:1)
  3 bats (D:1)
  2 frilled lizards (D:1)
  2 goblins (D:1)
  2 kobolds (D:1)
  2 rats (D:1)
19 creatures vanquished.

Notes
Turn   | Place    | Note
-------+----------+-------------------------------------------
     0 | D:1      | Essalna the Demonspawn Conjurer began the quest for the
                  | Orb.
     0 | D:1      | Reached XP level 1. HP: 13/13 MP: 3/3
   200 | D:1      | Gained mutation: Your demonic aura sometimes causes spilled
                  | blood to erupt in flames. [demonic ancestry]
   200 | D:1      | Reached XP level 2. HP: 19/19 MP: 1/5
   472 | D:1      | Learned a level 2 spell: Searing Ray
   526 | D:1      | Found a faded altar of an unknown god.
   756 | D:2      | Discovered your monstrous ancestry.
   756 | D:2      | Gained mutation: You have large cloven feet. [demonic
                  | ancestry]
   756 | D:2      | Reached XP level 3. HP: 19/24 MP: 2/7
   773 | D:$      | Got out of the dungeon alive.

Illustrated notes

Levels and vault maps discovered:
D:1:      tarquinn_simple_flora_water_b, layout_rooms,
          shapermc_ecumenical_altar_pompeii
D:2:      layout_loops_ring, pf_guarded_unrand_woodcutter

Action                   || total
-------------------------++-------
 Cast: Magic Dart        ||    29
Dodge: Dodged            ||     4

Table legend: (Time is in decaauts)
 A = Elapsed time spent in this place.
 B = Non-inter-level travel time spent in this place.
 C = Inter-level travel time spent in this place.
 D = Time resting spent in this place.
 E = Time spent auto-exploring this place.
 F = Levels seen in this place.
 G = Mean time per level.
                   A        B        C        D        E       F      G
               +--------+--------+--------+--------+--------+-----+--------+
         Total |    773 |    740 |     33 |      0 |    644 |   2 |  386.5 |
       Dungeon |    773 |    740 |     33 |      0 |    644 |   2 |  386.5 |
               +--------+--------+--------+--------+--------+-----+--------+

Top non-repeatable levels by time:
     D:1: 749 daAuts
     D:2: 23 daAuts
